AoeStats
← Naís

African Clearing

510430412Analyzed
4v4 RM · 2d ago on Oct 1, 2026· 44m 7s· 8 players
Game mode
Random Map
Map size
Large (8 player)
Population
200
Speed
Normal
Resources
Standard
Victory
Conquest
Starting age
Dark Age
Ending age
Imperial Age
RankedLock teamsTeams togetherTeam positionsShared explorationLock speedFull tech treeHidden civsTurbo modeCheats
Victory
Defeat
🇵🇪 Khitans · Peru
1056
+12
🇵🇪 Varangians · Peru
955
+16
🇦🇷 Berbers · Argentina
947
+16
🇵🇪 Portuguese · Peru
873
+20
🇨🇦 Danes · Canada
985
-17
🇵🇰 Mongols · Pakistan
951
-16
🇺🇸 Varangians · United States
950
-16
🇨🇴 Sicilians · Colombia
944
-15
PlyerX
14:50 Feudal Age
16:53 Wheelbarrow
21:32 Man-at-Arms
22:18 Loom
28:03 Castle Age
38:21 Ballistics
crepysa
5:43 Loom
14:40 Feudal Age
19:26 Castle Age
17:23 Double-Bit Axe
18:04 Horse Collar
18:56 Town Watch
19:20 Gold Mining
19:42 Fletching
20:28 Bow Saw
21:32 Wheelbarrow
22:46 Forging
23:03 Bloodlines
25:31 Husbandry
27:39 Husbandry
28:59 Scale Barding Armor
31:12 Hand Cart
39:58 Imperial Age
38:13 Masonry
39:53 Iron Casting
39:41 Chain Barding Armor
39:35 Light Cavalry
41:05 Conscription
40:12 Heavy Camel Rider
42:24 Chemistry
41:30 Siege Engineers
42:04 Iron Casting
42:33 Conscription
41:53 Hussar
43:11 Bodkin Arrow
44:19 Blast Furnace
Yailes<3
8:33 Loom
13:18 Feudal Age
17:56 Gold Mining
18:38 Double-Bit Axe
22:50 Castle Age
21:50 Fletching
22:35 Scale Barding Armor
23:55 Bodkin Arrow
25:40 Ballistics
30:57 Stone Mining
32:01 Bow Saw
31:36 Domestication
33:46 Town Watch
Aryey
14:26 Feudal Age
15:46 Wheelbarrow
15:00 Double-Bit Axe
14:57 Horse Collar
22:35 Bloodlines
25:04 Castle Age
26:34 Bow Saw
26:26 Heavy Plow
28:02 Hand Cart
32:30 Scale Barding Armor
32:35 Forging
32:57 Husbandry
33:20 Gold Mining
33:20 Stone Mining
35:50 Stone Shaft Mining
38:18 Iron Casting
38:04 Chain Barding Armor
41:41 Imperial Age
41:49 Cavalier
TheDukeofWrenches
4:51 Loom
14:29 Feudal Age
20:07 Castle Age
19:14 Arson
19:49 Scale Mail Armor
26:17 Gold Mining
26:17 Stone Mining
27:56 Town Watch
29:45 Horse Collar
35:13 Wheelbarrow
38:13 Hand Cart
Rage of Khorne
4:28 Loom
13:35 Feudal Age
14:16 Double-Bit Axe
21:08 Castle Age
19:21 Stone Mining
23:01 Stone Shaft Mining
29:18 Wheelbarrow
30:17 Bow Saw
29:59 Horse Collar
33:46 Hand Cart
33:39 Gold Mining
34:36 Scale Mail Armor
35:58 Elite Skirmisher
37:54 Forging
39:13 Gambesons
39:28 Squires
39:14 Arson
40:18 Gold Shaft Mining
46:49 Imperial Age
Naís
4:24 Loom
13:52 Feudal Age
14:28 Double-Bit Axe
20:23 Horse Collar
24:37 Castle Age
25:15 Gold Mining
26:50 Gold Shaft Mining
26:07 Stone Mining
30:03 Bow Saw
33:30 Wheelbarrow
36:01 Hand Cart
36:47 Fletching
36:58 Padded Archer Armor
39:06 Forging
38:56 Scale Mail Armor
39:13 Leather Archer Armor
41:05 Iron Casting
40:47 Chain Mail Armor
Torch112
9:58 Loom
16:01 Feudal Age
16:45 Horse Collar
26:05 Castle Age
24:16 Padded Archer Armor
25:03 Gold Mining
25:00 Double-Bit Axe
25:43 Scale Barding Armor
31:50 Chain Barding Armor
31:25 Fletching
33:08 Bodkin Arrow
34:13 Town Watch
38:05 Ballistics
43:30 Pikeman
Connection lost

Rejoining the realm…

Still unreachable

The connection could not be restored.

Session expired

The server has moved on; the page needs a fresh start.